 Dungeon Crawl Stone Soup version 0.29-a0-284-gf9362112df (webtiles) character file.

Game seed: 16820335276303378816

34 sokol815 the Skirmisher (level 3, -4/49 HPs)
             Began as a Minotaur Berserker on Mar 15, 2022.
             Was a Believer of Trog.
             Slain by a goblin
             ... wielding a +0 club
             ... led by Robin
              (6 damage)
             ... on level 2 of the Dungeon.
             The game lasted 00:02:07 (1122 turns).

sokol815 the Skirmisher (Minotaur Berserker)        Turns: 1122, Time: 00:02:08

Health: -4/49      AC:  2    Str: 23    XL:     3   Next: 14%
Magic:  2/2        EV: 12    Int:  4    God:    Trog [**....]
Gold:   43         SH:  0    Dex:  9    Spells: 2/2 levels left

rFire   . . .      SeeInvis .   a - +0 hand axe
rCold   . . .      Faith    .   (no shield)
rNeg    + . .      Spirit   .   b - +0 animal skin
rPois   .          Reflect  .   (helmet restricted)
rElec   .          Harm     .   (no cloak)
rCorr   .          Rampage  .   (no gloves)
Will    .....                   (no boots)
Stlth   ..........              (no amulet)
HPRegen 0.16/turn               N - ring of positive energy {rN+}
MPRegen 0.08/turn               (no ring)

@: berserking, very quick
A: horns 2, retaliatory headbutt
a: Renounce Religion, Berserk, Trog's Hand


You were on level 2 of the Dungeon.
You worshipped Trog.
Trog was pleased with you.
You visited 1 branch of the dungeon, and saw 2 of its levels.

You collected 43 gold pieces.

Inventory:

Hand Weapons
 a - a +0 hand axe (weapon)
 e - a +4 short sword
   (You found it on level 1 of the Dungeon)
Missiles
 m - 2 boomerangs
 s - 16 stones (quivered)
Armour
 b - a +0 animal skin (worn)
Jewellery
 N - a ring of positive energy (left hand) {rN+}
   (You found it on level 1 of the Dungeon)
Scrolls
 d - a scroll of enchant weapon {unknown}
 f - 2 scrolls of amnesia {unknown}
 g - a scroll of holy word {unknown}
 k - a scroll of noise {unknown}
Potions
 c - a potion of attraction {unknown}
 h - 2 potions of might {unknown}
 i - a potion of haste
 j - a potion of lignification {unknown}
 l - a potion of invisibility {unknown}


   Skills:
 + Level 4.0 Fighting
 * Level 1.3 Short Blades
 - Level 3.8 Axes
 + Level 3.0 Armour
 + Level 2.6 Dodging


You had 2 spell levels left.
You didn't know any spells.
Your spell library was empty.

Dungeon Overview and Level Annotations

Branches:
Dungeon (2/15)

Altars:

Annotations:
D:2 Robin


Innate Abilities, Weirdness & Mutations

You have a pair of horns on your head.
You reflexively headbutt those who attack you in melee.


Message History

Where to? (? - help)
There is a stone staircase leading down here.
You climb downwards.
There is a stone staircase leading up here.
s - 21 stones (gained 8) 2 hobgoblins come into view.
The hobgoblin shouts!
You hear a shout! x2
A goblin comes into view. It is wielding a +0 club.
You throw a stone. The hobgoblin shouts!
The stone hits the hobgoblin but does no damage.
You hear a shout!
A goblin comes into view. It is wielding a +0 club.
You throw a stone.
The stone hits the hobgoblin but does no damage.
Robin of the Strong Arm comes into view.
They are wielding a +0 club.
You throw a stone. The stone barely misses the hobgoblin.
The stone completely misses the hobgoblin.
The stone hits Robin but does no damage.
Robin roars a battlecry!
The goblins go into a battle-frenzy!
You hear a shout!
You throw a stone.
The stone completely misses the hobgoblin.
The stone closely misses the goblin.
The stone hits the goblin.
You throw a stone. The stone hits the hobgoblin.
A goblin comes into view. It is wielding a +0 club.
You barely miss the hobgoblin.
The goblin shouts!
The hobgoblin hits you.
A goblin comes into view. It is wielding a +0 dagger.
You take 3 damage, and have 24/27 hp.
You closely miss the hobgoblin. The hobgoblin hits you.
A hobgoblin comes into view. x2
You take 4 damage, and have 20/27 hp.
The hobgoblin shouts!
You hit the hobgoblin.
You kill the hobgoblin!
Trog accepts your kill.
You hear a shout!
The hobgoblin hits you.
A rat comes into view.
Robin throws the goblin at you! The goblin closely misses you.
The goblin misses you.
You have reached level 3!
Your experience leads to an increase in your attributes!
Increase (s)trength, (i)ntelligence, or (d)exterity?
You feel stronger. x2
MP restored: 2
a - a +0 hand axe (weapon)
The hobgoblin barely misses you. The goblin hits you with a +0 club.
A goblin comes into view. It is wielding a +0 club.
The goblin hits you with a +0 club. Robin throws the goblin at you!
You take 8 damage, and have 12/33 hp.
MASSIVE DAMAGE!!
A red film seems to cover your vision as you go berserk!
You feel yourself moving faster!
You feel mighty! The goblin closely misses you. The hobgoblin hits you!
* * * LOW HITPOINT WARNING * * *
The goblin closely misses you. The goblin barely misses you.
Robin throws the goblin at you!
* * * LOW HITPOINT WARNING * * *
You now have 9/49 hp.
You barely miss the goblin. You closely miss the goblin. You hit the goblin.
You kill the goblin!
Trog accepts your kill.
You hit the hobgoblin. You slash the goblin!
You kill the goblin!
Trog accepts your kill.
You closely miss the goblin. x2; You slash the hobgoblin!
You feel the power of Trog in you as your rage grows.
You kill the hobgoblin!
Trog accepts your kill. The goblin hits you with a +0 club.
* * * LOW HITPOINT WARNING * * *
Robin says, "A pitiful Minotaur like you will never find the ORB!"
The goblin barely misses you.
A goblin comes into view. It is wielding a +0 club.
You take 2 damage, and have 7/49 hp.
You slice the goblin!!
You kill the goblin!
Trog accepts your kill.
You hit the goblin.
Robin drinks a potion.
Robin seems to speed up.
The goblin hits you with a +0 club.
* * * LOW HITPOINT WARNING * * *
Your Armour skill increases to level 3!
You take 3 damage, and have 4/49 hp.
You closely miss the goblin. Your headbutt misses the goblin.
The goblin misses you. Robin attacks as you move away!
Robin hits you with a +0 club.
* * * LOW HITPOINT WARNING * * *
Robin throws the goblin at you!
* * * LOW HITPOINT WARNING * * *
Things that are here:
a +0 club; a goblin corpse You take 2 damage, and have 2/49 hp.
You miss the goblin. Your headbutt misses the goblin.
The goblin hits you with a +0 club.
You die...

..(.. #.(.# #.g.#
###...## #...g..
#.#.($#
####.#gr.#
#.....gg#
#.#..#@##
#.#..g..##.#
####.#...#.......
#.............###
#.##......###.#
#.......#####.#
#####......##.#
#...##.##.#
#.#.##.##.#


You could see Robin (fast), 2 hobgoblins, 3 goblins and a rat.

Vanquished Creatures
  A dart slug (D:1)
  4 ball pythons (D:1)
  An endoplasm (D:1)
  2 giant cockroaches (D:1)
  4 goblins
  4 hobgoblins
  2 quokkas (D:1)
  4 bats (D:1)
  A frilled lizard (D:1)
  2 kobolds (D:1)
  5 rats (D:1)
30 creatures vanquished.

Notes
Turn   | Place    | Note
-------+----------+-------------------------------------------
     0 | D:1      | sokol815 the Minotaur Berserker began the quest for the
                  | Orb.
     0 | D:1      | Reached XP level 1. HP: 19/19 MP: 0/0
   308 | D:1      | Reached XP level 2. HP: 27/27 MP: 1/1
   566 | D:1      | Found a faded altar of an unknown god.
   574 | D:1      | Reached skill level 1 in Short Blades
   644 | D:1      | Reached skill level 4 in Fighting
   951 | D:1      | Reached ** piety under Trog
  1108 | D:2      | Noticed Robin
  1115 | D:2      | Reached XP level 3. HP: 20/33 MP: 2/2
  1116 | D:2      | HP: 11/49 [hobgoblin[Robin] (7)]
  1119 | D:2      | HP: 4/49 [goblin/+0 club[Robin] (4)]
  1120 | D:2      | Reached skill level 3 in Armour
  1122 | D:2      | Slain by a goblin

Illustrated notes

Levels and vault maps discovered:
D:1:      shiori_arrival_elements, layout_loops_ring,
          nicolae_ecumenical_snake_handling, minmay_3d_cube
D:2:      layout_loops_cross, uniq_robin

Skill      XL: |  1  2  3 |
---------------+----------+-----
Short Blades   | 1 |  1.3
Fighting       | 4 |  4.0
Armour         | 3 |  3.0
Axes           | |  3.8
Dodging        | |  2.6

Action                   || total
-------------------------++-------
Melee: Hand axe          ||    22
       Headbutt          ||     7
       Short sword       ||    32
Throw: Stone             ||    41
Invok: Berserk           ||     1
Armor: Animal skin       ||    15
Dodge: Dodged            ||    38

Table legend: (Time is in decaauts)
 A = Elapsed time spent in this place.
 B = Non-inter-level travel time spent in this place.
 C = Inter-level travel time spent in this place.
 D = Time resting spent in this place.
 E = Time spent auto-exploring this place.
 F = Levels seen in this place.
 G = Mean time per level.
                   A        B        C        D        E       F      G
               +--------+--------+--------+--------+--------+-----+--------+
         Total |   1127 |   1081 |     46 |      0 |    900 |   2 |  563.5 |
       Dungeon |   1127 |   1081 |     46 |      0 |    900 |   2 |  563.5 |
               +--------+--------+--------+--------+--------+-----+--------+

Top non-repeatable levels by time:
     D:1: 1096 daAuts
     D:2: 31 daAuts

Table legend:
 A = Kills in this place as a percentage of kills in entire the game.
 B = Kills by you in this place as a percentage of kills by you in the entire game.
 C = Kills by friends in this place as a percentage of kills by friends in the entire game.
 D = Other kills in this place as a percentage of other kills in the entire game.
 E = Experience gained in this place as a percentage of experience gained in the entire game.
 F = Experience gained in this place divided by the number of levels of this place that you have seen.
                   A       B       C       D       E      F
               +-------+-------+-------+-------+-------+----------------------
         Total | 100.0 | 100.0 |   N/A |   N/A | 100.0 |  24.5
       Dungeon | 100.0 | 100.0 |   N/A |   N/A | 100.0 |  24.5
               +-------+-------+-------+-------+-------+----------------------
